 Dungeon Crawl Stone Soup version 0.21.1-1-g345015f (webtiles) character file.

1568 Monsterracer the Conjurer (level 8, 0/46 HPs)
             Began as an Octopode Venom Mage on Feb 7, 2018.
             Was a Priest of Vehumet.
             Killed by nerve-wracking pain
             ... invoked by a shadow imp
              (12 damage)
             ... on level 6 of the Dungeon.
             The game lasted 00:15:29 (8463 turns).

Monsterracer the Conjurer (Octopode Venom Mage)     Turns: 8463, Time: 00:15:30

Health: 0/46       AC:  1    Str:  7    XL:     8   Next: 90%
Magic:  12/15      EV: 13    Int: 19    God:    Vehumet [***...]
Gold:   267        SH:  0    Dex: 13    Spells: 3/16 levels left

rFire    . . .     SeeInvis .   b - +0 scimitar
rCold    . . .     Gourm    .   (no shield)
rNeg     . . .     Faith    +   (helmet restricted)
rPois    .         Spirit   .   h - amulet of faith
rElec    .         Reflect  .   s - ring of wizardry
rCorr    .         Harm     .   (no ring)
MR       .....                  (no ring)
Stlth    +++.......             (no ring)
HPRegen  0.15/turn              (no ring)
MPRegen  0.14/turn              (no ring)
                                (no ring)
                                (no ring)

@: no status effects
A: almost no armour, stealthy swim, amphibious, 8 rings, constrict 8, camouflage
1, gelatinous body 1
a: Renounce Religion


You were on level 6 of the Dungeon.
You worshipped Vehumet.
Vehumet was most pleased with you.
You were hungry.

You visited 2 branches of the dungeon, and saw 7 of its levels.
You also visited: Sewer.

You collected 267 gold pieces.

Inventory:

Hand Weapons
 a - a +2 dagger of venom
 b - a +0 scimitar (weapon)
 w - the +8 demon blade "Bloodbane" {slice, *Rage +Rage Stlth-}
   (You found it on level 4 of the Dungeon)

   It inflicts extra damage upon your enemies.
   It lets you go berserk.
   It may make you go berserk in combat.
   It makes you less stealthy.
Armour
 q - a +0 buckler
Jewellery
 h - an amulet of faith (around mantle)
 s - a ring of wizardry (left tentacle)
Wands
 e - a wand of disintegration (11)
 j - a wand of digging (10)
 v - a wand of iceblast (8)
Scrolls
 d - 6 scrolls of teleportation
 f - a scroll of remove curse
 t - 2 scrolls of identify
 u - a scroll of fog
Potions
 g - 2 potions of haste
 i - 2 potions of berserk rage {!q}
 k - 5 potions of brilliance
 l - 3 potions of might
 m - a potion of ambrosia {!q}
 n - 4 potions of curing
 o - 5 potions of agility
 p - a potion of magic
 r - 9 potions of heal wounds
Comestibles
 c - 12 rations


   Skills:
 - Level 2.2 Long Blades
 - Level 2.0 Dodging
 - Level 4.0 Stealth
 + Level 4.8 Spellcasting
 * Level 6.9 Conjurations
 + Level 3.0 Ice Magic
 + Level 6.9 Poison Magic


You had 3 spell levels left.
You knew the following spells:

 Your Spells              Type           Power        Failure   Level  Hunger
a - Sting                 Conj/Pois      ####         1%          1    None
b - Olgreb's Toxic Radia  Pois           ####....     1%          4    ####...
c - Mephitic Cloud        Conj/Pois/Air  ###.....     1%          3    ##.....
d - Freeze                Ice            ###.         1%          1    None
f - Throw Frost           Conj/Ice       ###...       1%          2    #......
g - Searing Ray           Conj           ####..       1%          2    #......


Dungeon Overview and Level Annotations

Branches:
Dungeon (6/15)             Temple (1/1) D:5

Altars:
Hepliaklqana
Okawaru
Ru
Sif Muna
Vehumet
Wu Jian
Xom
The Shining One


Innate Abilities, Weirdness & Mutations

You cannot wear most types of armour.
You are very stealthy in the water. (Stealth+)
You are amphibious.
You can wear up to eight rings at the same time.
You can use your tentacles to constrict eight enemies at once.
Your skin changes colour to match your surroundings (Stealth+).
Your rubbery body absorbs attacks. (AC +1, EV +1)


Message History

You hit the howler monkey. You squeeze the howler monkey.
The howler monkey is heavily wounded.
You constrict the howler monkey. The howler monkey hits you.
You take 1 damage, and have 36/46 hp.
You hit the howler monkey.
You kill the howler monkey!
Vehumet accepts your kill.
You feel your power returning.
Found a hazy altar of Hepliaklqana.
You hit the orc.
The orc is poisoned.
Your grab misses the orc. You squeeze the orc.
The orc is moderately wounded.
The orc misses you.
You hit the orc but do no damage.
The orc looks as sick as possible!
You grab the orc.
The orc is moderately wounded.
You constrict the orc. The orc hits you with a club.
You take 2 damage, and have 34/46 hp.
You are too injured to fight recklessly!
You are too injured to fight recklessly!
An orc is nearby!
You are too injured to fight recklessly!
You are too injured to fight recklessly!
An orc is nearby!
You hit the orc but do no damage.
The orc looks as sick as possible!
The orc is heavily wounded.
You constrict the orc. The orc hits you with a club.
A quokka skeleton comes into view.
You take 6 damage, and have 28/46 hp.
You hit the orc.
You kill the orc!
Vehumet accepts your kill.
An adder comes into view.
Things that are here:
a club; an orc corpse A leopard gecko zombie comes into view.
You hit the adder but do no damage. You grab the adder. You squeeze the adder.
The adder is heavily wounded.
You constrict the adder. The adder bites you.
You take 2 damage, and have 26/46 hp.
You barely miss the adder.
The adder is heavily wounded.
You constrict the adder. The adder bites you.
* * * LOW HITPOINT WARNING * * *
You take 3 damage, and have 23/46 hp.
You hit the adder.
The adder is poisoned.
The adder is almost dead.
You constrict the adder.
You kill the adder!
Vehumet accepts your kill.
You feel your power returning.
A quokka zombie comes into view.
Your +2 dagger of venom stops dripping with poison.
b - a +0 scimitar (weapon)
You hit the quokka skeleton. You grab the quokka skeleton.
The quokka skeleton is almost destroyed.
You constrict the quokka skeleton.
You destroy the quokka skeleton!
Vehumet accepts your kill.
You feel your power returning.
A shadow imp comes into view.
The shadow imp shouts, "Slither hence, thou dankish flat-headed gonus!"
You slash the leopard gecko zombie!
You destroy the leopard gecko zombie!
Vehumet accepts your kill.
You feel your power returning.
Your Ice Magic skill increases to level 3!
Things that are here:
a club; an orc corpse You barely miss the shadow imp.
You grab the shadow imp.
You constrict the shadow imp, but do no damage.
The shadow imp hits you.
* * * LOW HITPOINT WARNING * * *
You take 5 damage, and have 18/46 hp.
You barely miss the shadow imp. You constrict the shadow imp.
The quokka zombie bites you.
* * * LOW HITPOINT WARNING * * *
The shadow imp gestures at you.
You struggle to resist.
You take 2 damage, and have 16/46 hp.
You slash the quokka zombie!
You destroy the quokka zombie!
Vehumet accepts your kill.
You feel your power returning.
You constrict the shadow imp.
You are feeling hungry.
The shadow imp closely misses you.
The shadow imp grins evilly.
The shadow imp hits you.
* * * LOW HITPOINT WARNING * * *
You take 4 damage, and have 12/46 hp.
Casting: Sting
Confirm with . or Enter, or press ? or * to list all spells.
Aiming: Throw Frost
Press: ? - help, Shift-Dir - straight line, f - shadow imp
Aim: a shadow imp (moderately wounded, constricted by you)
The puff of frost misses the shadow imp.
You constrict the shadow imp. The shadow imp gestures at you.
Pain shoots through your body!
You die...

..#......##
#.........##
.##..........#
............#
####..........#
...##.........# #
....##....%...#$..
.....#.5..<.....#
._.....@......###
.....#.....)).#
.... #....)...# .
#..†........#
#..........#.#
##.............
##.^....##.###
(..........
#.........


You could see a shadow imp.

Vanquished Creatures
  Sigmund (D:3)
  The ghost of ceb the Skirmisher, an amateur HOFi (D:3)
  2 centaurs
  2 big kobolds
  Blork the orc (D:4)
  A scorpion (D:4)
  A howler monkey (D:6)
  A crimson imp (D:5)
  A hound (D:4)
  2 bullfrog skeletons
  An iguana (D:6)
  Natasha (thrice) (D:2)
  7 orc wizards
  2 worker ants
  6 gnolls
  11 adders
  7 river rats (Sewer)
  An adder zombie (D:5)
  4 worms
  2 dart slugs (D:1)
  A leopard gecko (D:4)
  19 orcs
  8 ball pythons
  10 giant cockroaches
  6 goblins
  9 hobgoblins
  11 jackals
  2 quokkas
  12 bats
  4 frilled lizards
  A jackal skeleton (D:5)
  42 kobolds
  A leopard gecko zombie (D:6)
  A quokka skeleton (D:6)
  A quokka zombie (D:6)
  26 rats
211 creatures vanquished.

Notes
Turn   | Place    | Note
-------+----------+-------------------------------------------
     0 | D:1      | Monsterracer the Octopode Venom Mage began the quest for the Orb.
     0 | D:1      | Reached XP level 1. HP: 11/11 MP: 3/3
   347 | D:1      | Reached XP level 2. HP: 17/17 MP: 3/5
   969 | D:1      | Reached XP level 3. HP: 21/21 MP: 4/6
   974 | D:1      | Learned a level 3 spell: Mephitic Cloud
  1702 | D:2      | Noticed Natasha
  1708 | D:2      | Killed Natasha
  1708 | D:2      | Reached XP level 4. HP: 25/27 MP: 1/7
  1774 | D:2      | Found an ornate altar of the Wu Jian Council.
  1780 | D:2      | Learned a level 4 spell: Olgreb's Toxic Radiance
  1811 | D:2      | Noticed Natasha
  1821 | D:2      | Killed Natasha
  1855 | D:2      | Noticed Natasha
  1861 | D:2      | Killed Natasha
  1861 | D:2      | Reached XP level 5. HP: 18/31 MP: 2/9
  2632 | D:3      | Noticed ceb's ghost (amateur HOFi)
  2705 | D:3      | Found a shimmering altar of Xom.
  3143 | D:3      | Reached XP level 6. HP: 32/36 MP: 4/10
  3207 | D:4      | Reached skill level 5 in Poison Magic
  3253 | D:4      | Found an iron altar of Okawaru.
  3290 | D:4      | Found a radiant altar of Vehumet.
  3296 | D:4      | Became a worshipper of Vehumet
  3340 | D:4      | HP: 12/36 [something/puff of flame (7)]
  3349 | D:4      | Found the +8 demon blade "Bloodbane" {slice, *Rage +Rage Stlth-}
  3428 | D:4      | Found a glowing drain.
  3533 | Sewer    | Entered a sewer
  3702 | Sewer    | HP: 17/36 [kobold (2)]
  3707 | Sewer    | Reached XP level 7. HP: 15/41 MP: 5/12
  3708 | Sewer    | HP: 14/41 [poisoned by an adder]
  3713 | Sewer    | HP: 11/41 [poisoned by an adder]
  3721 | Sewer    | HP: 10/41 [poisoned by an adder]
  4003 | Sewer    | Reached * piety under Vehumet
  4003 | Sewer    | Offered knowledge of Freeze by Vehumet.
  4100 | Sewer    | Reached skill level 5 in Conjurations
  4155 | Sewer    | Reached skill level 1 in Long Blades
  4189 | Sewer    | HP: 20/41 [poisoned by an adder]
  4677 | Sewer    | Reached ** piety under Vehumet
  4813 | D:4      | Learned a level 1 spell: Freeze
  4843 | D:4      | Offered knowledge of Throw Frost by Vehumet.
  4848 | D:4      | Learned a level 2 spell: Throw Frost
  4964 | D:4      | Noticed Blork the orc
  4981 | D:4      | Killed Blork the orc
  5966 | D:3      | HP: 28/61 [ceb's ghost (10)]
  5967 | D:3      | Killed ceb's ghost
  5967 | D:3      | Reached skill level 1 in Ice Magic
  5967 | D:3      | Reached XP level 8. HP: 32/46 MP: 10/14
  6121 | D:3      | Noticed Sigmund
  6134 | D:3      | Killed Sigmund
  6138 | D:3      | HP: 17/46 [disintegration (18)]
  6140 | D:3      | HP: 6/46 [hobgoblin/club (3)]
  6845 | D:5      | Entered Level 5 of the Dungeon
  6996 | D:5      | Found a glowing golden altar of the Shining One.
  6996 | D:5      | Found a deep blue altar of Sif Muna.
  7075 | D:5      | Offered knowledge of Searing Ray by Vehumet.
  7083 | D:5      | Learned a level 2 spell: Searing Ray
  7155 | D:5      | HP: 23/46 [poisoned by an adder]
  7163 | D:5      | HP: 11/46 [poisoned by an adder]
  7585 | D:5      | Found a staircase to the Ecumenical Temple.
  7739 | D:5      | Found a sacrificial altar of Ru.
  7795 | D:5      | Reached *** piety under Vehumet
  7800 | D:5      | Offered knowledge of Iskenderun's Mystic Blast by Vehumet.
  8374 | Temple   | Entered the Ecumenical Temple
  8444 | D:6      | Found a hazy altar of Hepliaklqana.
  8453 | D:6      | HP: 23/46 [adder (4)]
  8460 | D:6      | HP: 18/46 [shadow imp (6)]
  8463 | D:6      | Killed from afar by a shadow imp

Skill      XL: |  1  2  3  4  5  6  7  8 |
---------------+-------------------------+-----
Conjurations   | 2 3 4 5 6 |  6.9
Poison Magic   | 4 5 6 |  6.9
Stealth        | 3 4 |  4.0
Spellcasting   | 3 4 |  4.8
Long Blades    | 1 2 |  2.2
Ice Magic      | 1 3 |  3.0
Dodging        | |  2.0

Action                   |  1- 3 |  4- 6 |  7- 9 || total
-------------------------+-------+-------+-------++-------
Melee: Unarmed           |    10 |       |       ||    10
       Constrict         |    11 |    18 |    29 ||    58
       Tentacles         |     8 |    12 |    21 ||    41
       Mace              |     8 |       |       ||     8
       Dagger            |     9 |     1 |    37 ||    47
       Long sword        |     4 |    34 |    25 ||    63
       Demon blade       |       |     9 |     5 ||    14
       Scimitar          |       |       |    34 ||    34
 Cast: Sting             |    70 |    68 |    57 ||   195
       Olgreb's Toxic Ra |       |     3 |    15 ||    18
       Freeze            |       |       |     4 ||     4
       Mephitic Cloud    |       |       |     4 ||     4
       Throw Frost       |       |       |     3 ||     3
 Abil: Evoke Berserk Rag |       |       |     1 ||     1
  Use: Scroll            |       |     7 |     7 ||    14
 Stab: Sleeping          |     2 |     7 |     2 ||    11
       Distracted        |     1 |       |       ||     1
  Eat: Chunk             |     3 |     6 |    16 ||    25
       Ration            |       |       |     1 ||     1
Armor: Skin              |    10 |     2 |     7 ||    19
Dodge: Dodged            |    35 |    46 |    78 ||   159
       Rpst.: Long sword |     2 |     7 |     7 ||    16
       Demon blade       |       |     5 |       ||     5
       Scimitar          |       |       |    11 ||    11

Vault maps used:
D:1:      tarquinn_simple_flora_water_c, minmay_octomino_e4
D:2:      lemuel_crystal_altar, uniq_natasha
D:3:      xom_teletrap_fun, uniq_sigmund
D:4:      overflow_temple_1_default, first_ration, cheibrodos_sewer_entry_bend,
          okawaru_metal_pillars_1_2, uniq_blork_the_orc
D:5:      kennysheep_kobold_camp, gammafunk_temple_overflow_elements,
          lemuel_temple_firewalk_a, basic_altar
D:6:      lemuel_round_altar, corexii_leaking_fountain, hex_medium,
          minmay_door_square, uniq_grinder
Temple:   nicolae_temple_god_jail
Sewer:    sewer_minmay_treatment
